 Dungeon Crawl Stone Soup version 0.29.1-13-g9f3cf754e1 (webtiles) character file.

Game seed: 5648955685571185130

101 javelincjr the Digger (level 4, 0/24 HPs)
             Began as a Gargoyle Earth Elementalist on Jan 23, 2023.
             Was an Initiate of Vehumet.
             Slain by a worm (10 damage)
             ... on level 3 of the Dungeon.
             The game lasted 00:10:47 (2274 turns).

javelincjr the Digger (Gargoyle Earth Elementalist) Turns: 2274, Time: 00:10:49

Health: 0/24       AC:  5    Str: 12    XL:     4   Next: 75%
Magic:  7/8        EV: 12    Int: 17    God:    Vehumet [......]
Gold:   165        SH:  0    Dex: 10    Spells: 7/8 levels left

rFire   . . .      SeeInvis .   i - +0 dagger
rCold   . . .      Faith    .   (no shield)
rNeg    + . .      Spirit   .   a - +0 robe
rPois   ∞          Reflect  .   (no helmet)
rElec   +          Harm     .   (no cloak)
rCorr   .          Rampage  .   (no gloves)
Will    .....                   (no boots)
Stlth   ++........              (no amulet)
HPRegen 0.08/turn               (no ring)
MPRegen 0.11/turn               (no ring)

@: no status effects
A: sickness immunity, AC +3, negative energy resistance 1, electricity
resistance, torment resistance 1, petrification resistance
a: Renounce Religion


You were on level 3 of the Dungeon.
You worshipped Vehumet.
Vehumet was noncommittal.
You visited 1 branch of the dungeon, and saw 3 of its levels.

You collected 165 gold pieces.

Inventory:

Hand Weapons
 i - a +0 dagger (weapon)
Missiles
 f - 8 poisoned darts
Armour
 a - a +0 robe (worn)
Scrolls
 c - a scroll of fear {unknown}
 e - a scroll of blinking {unknown}
 h - a scroll of immolation {unknown}
Potions
 b - a potion of magic
 d - a potion of flight {unknown}
 g - a potion of haste {unknown}


   Skills:
 + Level 1.9 Dodging
 + Level 2.5 Stealth
 + Level 2.7 Spellcasting
 + Level 1.0 Transmutations
 + Level 5.3 Earth Magic


You had 7 spell levels left.
You knew the following spells:

 Your Spells              Type           Power      Damage    Failure   Level
a - Sandblast             Erth           40%        2d10      1%          1

Your spell library contained the following spells:

 Spells                   Type           Power      Damage    Failure   Level
 Passwall                 Tmut/Erth      10%        N/A       8%          2
 Sting                    Tmut/Pois      16%        1d3       14%         1
 Stone Arrow              Conj/Erth      22%        3d8       19%         3
 Poisonous Vapours        Pois/Air       4%         N/A       26%         2
 Petrify                  Tmut/Erth      13%        N/A       43%         4
 Ozocubu's Armour         Ice            2%         N/A       47%         3
 Olgreb's Toxic Radiance  Pois           2%         N/A       87%         4
 Ozocubu's Refrigeration  Ice            1%         4d7       100%        7


Dungeon Overview and Level Annotations

Branches:
Dungeon (3/15)

Altars:
Vehumet

Shops:
D:2 (((


Innate Abilities, Weirdness & Mutations

You are immune to sickness and miasma.
Your stone body is resilient. (AC +3)
You are immune to poison.
You resist negative energy. (rN+)
You are resistant to electric shocks. (rElec)
You are resistant to unholy torment.
You are immune to petrification.


Message History

Casting: Sandblast (safe; 1% risk of failure)
Confirm with . or Enter, or press ? or * to list all spells.
Aiming: Sandblast (safe; 1% risk of failure)
Press: ? - help, Shift-Dir - straight line, f - orc
Aim: an orc, wielding a +0 hand axe and wearing a +0 scale mail (85% to hit)
The blast of sand hits the orc!
You kill the orc!
Vehumet accepts your kill.
Things that are here:
a +0 hand axe; a +0 scale mail
There is a stone staircase leading down here.
You climb downwards.
There is a stone staircase leading up here.
Items here: )) [[ †.
i - a +0 dagger
i - a +0 dagger (weapon)
Things that are here:
a +0 leather armour; a +0 short sword Magic restored.
Found a stone staircase leading down.
A worm comes into view.
You hit the worm.
The worm is lightly wounded.
You hit the worm but do no damage.
The worm is lightly wounded.
The worm bites you!
You hit the worm but do no damage.
The worm is lightly wounded.
You hit the worm but do no damage.
The worm is lightly wounded.
The worm bites you.
Casting: Sandblast (safe; 1% risk of failure)
Confirm with . or Enter, or press ? or * to list all spells.
Aiming: Sandblast (safe; 1% risk of failure)
Press: ? - help, Shift-Dir - straight line, f - worm
Aim: a worm (94% to hit)
The blast of sand hits the worm!
The worm is severely wounded.
The worm bites you!
You die...

#.#.#.#.#.#.##.##.##
#.....#.#.#.##[# #
#.###.###.#.#.##.##
#...........#...(.#
#####.###.#...<#..#
#.#...........#
#.#.#.#.#####(# #.#
#... .# #@# ### ##
#w# #.# #.# #.# ..#
... ###


You could see a worm.

Vanquished Creatures
  An orc wizard (D:3)
  A gnoll (D:1)
  An adder (D:2)
  A worm (D:2)
  3 orcs
  3 ball pythons
  9 endoplasms
  A giant cockroach (D:1)
  4 goblins (D:1)
  3 hobgoblins
  3 kobolds
  4 quokkas
  5 bats
  3 frilled lizards
  4 rats
46 creatures vanquished.

Notes
Turn   | Place    | Note
-------+----------+-------------------------------------------
     0 | D:1      | javelincjr the Gargoyle Earth Elementalist began the quest
                  | for the Orb.
     0 | D:1      | Reached XP level 1. HP: 10/10 MP: 3/3
    34 | D:1      | Reached skill level 1 in Transmutations
   153 | D:1      | Reached XP level 2. HP: 15/15 MP: 3/5
   336 | D:1      | Reached skill level 4 in Earth Magic
   464 | D:1      | Reached XP level 3. HP: 19/19 MP: 2/6
  1094 | D:2      | Found a radiant altar of Vehumet.
  1104 | D:2      | Became a worshipper of Vehumet
  1262 | D:2      | Found Ryptadae's Antique Weapon Shop.
  1352 | D:2      | Found Uwkynic's Weapon Emporium.
  1416 | D:2      | Reached XP level 4. HP: 24/24 MP: 4/7
  1758 | D:2      | Found Lycvag's Antique Weapon Boutique.
  2175 | D:3      | Reached skill level 5 in Earth Magic
  2274 | D:3      | Slain by a worm

Illustrated notes

Levels and vault maps discovered:
D:1:      minmay_arrival_glassed_features, layout_loops_ring
D:2:      layout_basic, serial_shops, shop, shop_statue, shop, basic_altar
D:3:      layout_basic, overflow_temple_1_default,
          mainiacjoe_overflow_divided_tiny,
          shapermc_ecumenical_altar_mp_highgroup, minmay_circle_x

Skill      XL: |  1  2  3  4 |
---------------+-------------+-----
Transmutations | 1 |  1.0
Earth Magic    | 4 5 |  5.3
Dodging        | |  1.9
Stealth        | |  2.5
Spellcasting   | |  2.7

Action                   |  1- 3 |  4- 6 || total
-------------------------+-------+-------++-------
Melee: Unarmed           |    12 |       ||    12
       Dagger            |       |     4 ||     4
 Cast: Sandblast         |    43 |    21 ||    64
 Stab: Sleeping          |     1 |       ||     1
Armor: Robe              |     9 |     1 ||    10
Dodge: Dodged            |     9 |     4 ||    13
